ORI
UNIVERSITY OF MINNESOTA GOLDEN GOPHERS @ COASTAL CAROLINA UNIVERSITY CHANTICLEERS
07/29/2047
 
TOP OF THE 1ST
University of Minnesota Golden Gophers batting - Pitching for Coastal Carolina University Chanticleers : LHP Rocco Calvocoressi
Pitching: LHP Rocco Calvocoressi
Batting: RHB Ned Scovell 0-0: SINGLE (Line Drive, 9LS, EV 111.9 MPH)
Batting: SHB Marty Kuehn 0-0: Ball
1-0: SINGLE (Groundball, 56S, EV 71.2 MPH) (infield hit)
Ned Scovell to second
Pitching: RHP Melchior Hartman
Batting: LHB Dick Shafer 0-0: Foul Ball, location: 2F
0-1: Foul Ball, location: 2F
0-2: Ball
1-2: Ball
2-2: Foul Ball, location: 2F
2-2: Ball
3-2: Base on Balls
Ned Scovell to third
Marty Kuehn to second
Batting: RHB Ozzie Buendia 0-0: Ball
1-0: Called Strike
1-1: Ball
2-1: Ball
3-1: Called Strike
3-2: Base on Balls
Ned Scovell scores
Marty Kuehn to third
Dick Shafer to second
Batting: LHB Alex Villa 0-0: Ball
1-0: Fly out, F8 (Flyball, 8LD, EV 91.9 MPH)
Runner from 3rd tags up, SCORES, throw by CF
Dick Shafer to third
Batting: SHB Chris Rodgers 0-0: Ball
1-0: Swinging Strike
1-1: Called Strike
1-2: Ball
2-2: Strikes out looking
Batting: RHB Farakiko Haunani 0-0: Ball
1-0: Foul Ball, location: 2F
1-1: Ball
2-1: Called Strike
2-2: Strikes out swinging
Top of the 1st over - 2 runs, 2 hits, 0 errors, 2 left on base; University of Minnesota 2 - Coastal Carolina University 0
BOTTOM OF THE 1ST
Coastal Carolina University Chanticleers batting - Pitching for University of Minnesota Golden Gophers : RHP Nick Gonzalez
Pitching: RHP Nick Gonzalez
Batting: RHB Tatsunori Ishigaki 0-0: Foul Ball, location: 2F
0-1: Called Strike
0-2: Strikes out swinging
Batting: RHB Rene Napoles 0-0: Swinging Strike
0-1: Foul Ball, location: 2F
0-2: Ball
1-2: Ground out 4-3 (Groundball, 4, EV 86.2 MPH)
Batting: RHB Chris McDaniel 0-0: Called Strike
0-1: Ball
1-1: Called Strike
1-2: Ball
2-2: Foul Ball, location: 2F
2-2: Ball
3-2: Strikes out looking
Bottom of the 1st over - 0 runs, 0 hits, 0 errors, 0 left on base; University of Minnesota 2 - Coastal Carolina University 0
TOP OF THE 2ND
University of Minnesota Golden Gophers batting - Pitching for Coastal Carolina University Chanticleers : RHP Melchior Hartman
Pitching: RHP Jeff Box
Batting: LHB Antonio Cordero 0-0: Called Strike
0-1: Ground out 4-3 (Groundball, 4, EV 85.6 MPH)
Batting: RHB Bing Loh 0-0: Called Strike
0-1: Ball
1-1: Foul Ball, location: 2F
1-2: Ball
2-2: Ball
3-2: Base on Balls
Batting: RHB Ned Scovell 0-0: Ball
1-0: Ball
2-0: Ball
3-0: Base on Balls
Bing Loh to second
Batting: SHB Marty Kuehn 0-0: Swinging Strike
0-1: Ball
1-1: Foul Ball, location: 2F
1-2: Strikes out swinging
Batting: LHB Dick Shafer 0-0: Called Strike
0-1: Foul Ball, location: 2F
0-2: Ball
1-2: Fly out, F8 (Flyball, 78M, EV 80.0 MPH)
Top of the 2nd over - 0 runs, 0 hits, 0 errors, 2 left on base; University of Minnesota 2 - Coastal Carolina University 0
BOTTOM OF THE 2ND
Coastal Carolina University Chanticleers batting - Pitching for University of Minnesota Golden Gophers : RHP Nick Gonzalez
Batting: RHB Isaac Washington 0-0: Ball
1-0: Called Strike
1-1: Ball
2-1: Called Strike
2-2: Foul Ball, location: 2F
2-2: Ball
3-2: Foul Ball, location: 2F
3-2: Base on Balls
Batting: RHB Alex Montiel 0-0: Fly out, F8 (Flyball, 8RM, EV 89.4 MPH)
Batting: LHB Justin Sanders 0-0: Ball
1-0: Called Strike
1-1: Foul Ball, location: 2F
1-2: Fly out, F8 (Flyball, 8RXD, EV 84.4 MPH)
Batting: RHB Justin Klein 0-0: Called Strike
0-1: Ball
1-1: Reached on error, E4 (Groundball, 34S, EV 88.8 MPH)
Isaac Washington to second
Batting: RHB Fernando Tovar 0-0: Ball
Wild Pitch!
Isaac Washington to third
Justin Klein to second
1-0: Ground out 6-3 (Groundball, 56, EV 90.0 MPH)
Bottom of the 2nd over - 0 runs, 0 hits, 1 error, 2 left on base; University of Minnesota 2 - Coastal Carolina University 0
TOP OF THE 3RD
University of Minnesota Golden Gophers batting - Pitching for Coastal Carolina University Chanticleers : RHP Jeff Box
Batting: RHB Ozzie Buendia 0-0: SINGLE (Groundball, 56D, EV 93.8 MPH)
Batting: LHB Alex Villa Pickoff Throw to First - Out! 1-3 CS
0-0: Ball
1-0: Called Strike
1-1: Called Strike
1-2: Strikes out looking
Batting: SHB Chris Rodgers 0-0: DOUBLE (Flyball, 78XD, EV 100.6 MPH)
Batting: RHB Farakiko Haunani 0-0: Called Strike
0-1: Swinging Strike
0-2: Ball
1-2: Ball
2-2: Ground out 4-3 (Groundball, 4M, EV 108.1 MPH)
Top of the 3rd over - 0 runs, 2 hits, 0 errors, 1 left on base; University of Minnesota 2 - Coastal Carolina University 0
BOTTOM OF THE 3RD
Coastal Carolina University Chanticleers batting - Pitching for University of Minnesota Golden Gophers : RHP Nick Gonzalez
Batting: RHB Mark Tart 0-0: Ball
1-0: Called Strike
1-1: Ball
2-1: Swinging Strike
2-2: Ball
3-2: Foul Ball, location: 2F
3-2: Foul Ball, location: 2F
3-2: Strikes out looking
Batting: RHB Tatsunori Ishigaki 0-0: Reached on error, E1 (Groundball, 15S, EV 61.2 MPH)
Batting: RHB Rene Napoles 0-0: Ball
1-0: Called Strike
1-1: Ball
Tatsunori Ishigaki steals 2nd base
2-1: Foul Ball, location: 2F
2-2: Strikes out swinging
Batting: RHB Chris McDaniel 0-0: Ball
1-0: Foul Ball, location: 2F
1-1: Ball
2-1: Ball
3-1: 2-RUN HOME RUN (Flyball, 7D, EV 99.4 MPH), Distance : 399 ft
Batting: RHB Isaac Washington 0-0: Swinging Strike
0-1: Ball
1-1: Ground out 3-1 (Groundball, 34, EV 92.5 MPH)
Bottom of the 3rd over - 2 runs, 1 hit, 1 error, 0 left on base; University of Minnesota 2 - Coastal Carolina University 2
TOP OF THE 4TH
University of Minnesota Golden Gophers batting - Pitching for Coastal Carolina University Chanticleers : RHP Jeff Box
Pitching: RHP Matt Schnurer
Batting: LHB Antonio Cordero 0-0: Ball
1-0: Ball
2-0: Called Strike
2-1: Ball
3-1: Reached on error, E1 (Groundball, 15S, EV 59.4 MPH)
Batting: RHB Bing Loh 0-0: Ball
1-0: Called Strike
1-1: Ball
2-1: Foul Ball, location: 2F
2-2: Ball
3-2: Foul Ball, location: 2F
3-2: Strikes out swinging
Pinch Hitting: RHB Tatsuyoshi Ikeda 0-0: Foul Ball, location: 2F
0-1: Ground out 6-3 (Groundball, 6, EV 83.8 MPH)
Batting: SHB Marty Kuehn 0-0: Foul Ball, location: 2F
0-1: Ball
1-1: Foul Ball, location: 2F
1-2: Ball
2-2: Fly out, F8 (Flyball, 89D, EV 92.5 MPH)
Top of the 4th over - 0 runs, 0 hits, 1 error, 1 left on base; University of Minnesota 2 - Coastal Carolina University 2
BOTTOM OF THE 4TH
Coastal Carolina University Chanticleers batting - Pitching for University of Minnesota Golden Gophers : RHP Nick Gonzalez
Now at SS: Ron Gooch
Batting: RHB Alex Montiel 0-0: Called Strike
0-1: Ball
1-1: Ball
2-1: Foul Ball, location: 2F
2-2: Strikes out swinging
Batting: LHB Justin Sanders 0-0: SINGLE (Groundball, 6M, EV 102.5 MPH)
Batting: RHB Justin Klein 0-0: Ball
1-0: Called Strike
Justin Sanders is caught stealing 2nd base 2-4
1-1: SINGLE (Groundball, 4M, EV 107.5 MPH) (infield hit)
Batting: RHB Fernando Tovar 0-0: Ball
Justin Klein is caught stealing 2nd base 2-4
Bottom of the 4th over - 0 runs, 2 hits, 0 errors, 0 left on base; University of Minnesota 2 - Coastal Carolina University 2
TOP OF THE 5TH
University of Minnesota Golden Gophers batting - Pitching for Coastal Carolina University Chanticleers : RHP Matt Schnurer
Now at 2B: Ferri Casteleijn
Now at 3B: Tristan Williams
Now in LF: Iher Waithaka
Pinch Hitting: RHB Roy Evenden 0-0: Ball
1-0: Ball
2-0: Fly out, F8 (Flyball, 8LM, EV 91.9 MPH)
Pinch Hitting: LHB Josh Rini 0-0: Swinging Strike
0-1: Foul Ball, location: 2F
0-2: Foul Ball, location: 2F
0-2: Strikes out swinging
Batting: LHB Alex Villa 0-0: Called Strike
0-1: Foul Ball, location: 2F
0-2: Ball
1-2: Ball
2-2: SINGLE (Line Drive, 89S, EV 106.2 MPH)
Batting: SHB Chris Rodgers 0-0: Ball
1-0: Called Strike
1-1: Called Strike
1-2: Ball
2-2: Strikes out swinging
Top of the 5th over - 0 runs, 1 hit, 0 errors, 1 left on base; University of Minnesota 2 - Coastal Carolina University 2
BOTTOM OF THE 5TH
Coastal Carolina University Chanticleers batting - Pitching for University of Minnesota Golden Gophers : RHP Nick Gonzalez
Pitching: RHP Luis Ibarra
Now at C: Jason Mooris
Now at 3B: Phil Bonner
Now in RF: Ivan Villegas
Batting: RHB Fernando Tovar 0-0: Reached on error, E6 (Groundball, 6S, EV 65.6 MPH)
Batting: RHB Mark Tart 0-0: Ball
Fernando Tovar is caught stealing 2nd base 2-4
1-0: Foul Ball, location: 2F
1-1: Foul Ball, location: 2F
1-2: Foul Ball, location: 2F
1-2: Strikes out swinging
Batting: RHB Ferri Casteleijn 0-0: Ball
1-0: Ball
2-0: Ball
3-0: Called Strike
3-1: Base on Balls
Batting: RHB Rene Napoles 0-0: Called Strike
Ferri Casteleijn is caught stealing 2nd base 2-4
Bottom of the 5th over - 0 runs, 0 hits, 1 error, 0 left on base; University of Minnesota 2 - Coastal Carolina University 2
TOP OF THE 6TH
University of Minnesota Golden Gophers batting - Pitching for Coastal Carolina University Chanticleers : RHP Matt Schnurer
Pitching: LHP Rich Holliday
Now at C: Jeremy Stockwell
Batting: RHB Farakiko Haunani 0-0: Called Strike
0-1: Ball
1-1: Ball
2-1: Foul Ball, location: 2F
2-2: Strikes out swinging
Pinch Hitting: LHB Jose Moncada 0-0: Called Strike
0-1: Ball
1-1: Fly out, F8 (Flyball, 8RM, EV 81.9 MPH)
Batting: RHB Scott Rose 0-0: Ball
1-0: Foul Ball, location: 2F
1-1: Foul Ball, location: 2F
1-2: Strikes out looking
Top of the 6th over - 0 runs, 0 hits, 0 errors, 0 left on base; University of Minnesota 2 - Coastal Carolina University 2
BOTTOM OF THE 6TH
Coastal Carolina University Chanticleers batting - Pitching for University of Minnesota Golden Gophers : RHP Luis Ibarra
Now at 1B: Jarrod Strickhouser
Pinch Hitting: RHB Dennis Bennett 0-0: SINGLE (Groundball, 6M, EV 105.6 MPH) (infield hit)
Pinch Hitting: LHB Ramelan Nasution Pickoff Throw to First - Out! 1-3 CS
0-0: Called Strike
0-1: Called Strike
0-2: Ball
1-2: SOLO HOME RUN (Flyball, 9LD, EV 90.0 MPH), Distance : 346 ft
Batting: RHB Tristan Williams 0-0: Ball
1-0: Foul Ball, location: 2F
1-1: Called Strike
1-2: Fly out, F7 (Flyball, 7, EV 90.6 MPH)
Batting: SHB Iher Waithaka 0-0: Ball
1-0: Foul Ball, location: 2F
1-1: Ball
2-1: Fly out, F6 (Popup, 15, EV 79.4 MPH)
Bottom of the 6th over - 1 run, 2 hits, 0 errors, 0 left on base; University of Minnesota 2 - Coastal Carolina University 3
TOP OF THE 7TH
University of Minnesota Golden Gophers batting - Pitching for Coastal Carolina University Chanticleers : LHP Rich Holliday
Pitching: RHP Danny Wood
Now at 1B: Nate Kokx
Now at 2B: Dennis Bennett
Now at SS: Ferri Casteleijn
Now in RF: Chris Marcellus
Batting: RHB Ron Gooch 0-0: Ground out 4-3 (Groundball, 4, EV 82.5 MPH)
Batting: LHB Ivan Villegas 0-0: Called Strike
0-1: Called Strike
0-2: Ball
1-2: Ball
2-2: Ball
3-2: Foul Ball, location: 2F
3-2: Foul Ball, location: 2F
3-2: Fly out, F8 (Flyball, 8RS, EV 95.6 MPH)
Batting: LHB Phil Bonner 0-0: Foul Ball, location: 2F
0-1: Ball
1-1: Foul Ball, location: 2F
1-2: Strikes out looking
Top of the 7th over - 0 runs, 0 hits, 0 errors, 0 left on base; University of Minnesota 2 - Coastal Carolina University 3
BOTTOM OF THE 7TH
Coastal Carolina University Chanticleers batting - Pitching for University of Minnesota Golden Gophers : RHP Luis Ibarra
Pitching: RHP Eddie Young
Now in LF: Dave Uttley
Batting: LHB Justin Sanders 0-0: Foul Ball, location: 2F
0-1: Ball
1-1: Ground out U3 (Groundball, 3, EV 85.6 MPH)
Batting: LHB Nate Kokx 0-0: Called Strike
0-1: Foul Ball, location: 2F
0-2: Ball
1-2: Ball
2-2: Ball
3-2: Base on Balls
Batting: LHB Jeremy Stockwell 0-0: Ball
1-0: Ball
2-0: Called Strike
2-1: Ball
3-1: Base on Balls
Nate Kokx to second
Batting: LHB Justin Kaller 0-0: Foul Ball, location: 2F
0-1: Ball
1-1: Called Strike
1-2: Ball
2-2: Strikes out swinging
Batting: RHB Ferri Casteleijn 0-0: Ball
1-0: Ground out U3 (Groundball, 3, EV 78.1 MPH)
Bottom of the 7th over - 0 runs, 0 hits, 0 errors, 2 left on base; University of Minnesota 2 - Coastal Carolina University 3
TOP OF THE 8TH
University of Minnesota Golden Gophers batting - Pitching for Coastal Carolina University Chanticleers : RHP Danny Wood
Pitching: RHP Jim Eisinger
Batting: RHB Jason Mooris 0-0: Ball
1-0: Ball
2-0: Ball
3-0: Called Strike
3-1: Fly out, F8 (Flyball, 8RD, EV 100.6 MPH)
Pinch Hitting: LHB Bobby Agterberg 0-0: Ball
1-0: Ball
2-0: Fly out, F7 (Line Drive, 7, EV 99.4 MPH)
Batting: SHB Chris Rodgers 0-0: Ball
1-0: Called Strike
1-1: Ball
2-1: Ball
3-1: Foul Ball, location: 2F
3-2: Base on Balls
Batting: RHB Farakiko Haunani 0-0: Swinging Strike
0-1: Swinging Strike
0-2: Foul Ball, location: 2F
0-2: Foul Ball, location: 2F
0-2: Hit by Pitch
Chris Rodgers to second
Pinch Hitting: LHB Gabe Cothron 0-0: Called Strike
0-1: Fielders Choice at 2nd, 5-4 (Groundball, 5, EV 83.1 MPH)
Top of the 8th over - 0 runs, 0 hits, 0 errors, 2 left on base; University of Minnesota 2 - Coastal Carolina University 3
BOTTOM OF THE 8TH
Coastal Carolina University Chanticleers batting - Pitching for University of Minnesota Golden Gophers : RHP Eddie Young
Pitching: RHP Dan Mondro
Now at 1B: Chris Gant
Now in LF: Bobby Agterberg
Batting: RHB Dennis Bennett 0-0: Called Strike
0-1: Foul Ball, location: 2F
0-2: Ball
1-2: Ball
2-2: Foul Ball, location: 2F
2-2: Fly out, F7 (Flyball, 7D, EV 101.2 MPH)
Pinch Hitting: LHB Tim Kirby 0-0: SINGLE (Groundball, P, EV 86.2 MPH) (infield hit)
Batting: RHB Tristan Williams 0-0: Fielders Choice at 2nd, 3-6 (Groundball, 3, EV 92.5 MPH)
Batting: SHB Iher Waithaka 0-0: Called Strike
0-1: Ball
Tristan Williams steals 2nd base
1-1: Ball
2-1: Foul Ball, location: 2F
2-2: Ground out 1-3 (Groundball, 34S, EV 65.6 MPH)
Bottom of the 8th over - 0 runs, 1 hit, 0 errors, 1 left on base; University of Minnesota 2 - Coastal Carolina University 3
TOP OF THE 9TH
University of Minnesota Golden Gophers batting - Pitching for Coastal Carolina University Chanticleers : RHP Jim Eisinger
Pitching: RHP Dorian Sander
Now in RF: Milo Karadzic
Batting: RHB Scott Rose 0-0: Ball
1-0: Called Strike
1-1: Ball
2-1: Ground out 1-3 (Groundball, 15S, EV 63.8 MPH)
Batting: RHB Ron Gooch 0-0: Ball
1-0: Reached on error, E4 (Groundball, 4, EV 89.4 MPH)
Batting: LHB Ivan Villegas 0-0: Called Strike
0-1: Fielders Choice at 2nd, 4-6 (Groundball, 4D, EV 105.0 MPH)
Pinch Hitting: RHB Mike Satterfield 0-0: Ball
1-0: Swinging Strike
1-1: Called Strike
1-2: Strikes out swinging
Top of the 9th over - 0 runs, 0 hits, 1 error, 1 left on base; University of Minnesota 2 - Coastal Carolina University 3
Thursday, December 15th , 2022 - OOTP Baseball 23.9 Build 102